 Dungeon Crawl Stone Soup version 0.25-a0-930-g9f5dfa9815 (webtiles) character file.

Game seed: 12966518256208931900, levelgen mode: deterministic

219484 Glorfindel the Stormcaller (level 19, -3/114 HPs)
             Began as a Tengu Air Elementalist on May 3, 2020.
             Was the Champion of Vehumet.
             Killed from afar by a fire dragon (49 damage)
             ... with a blast of flame
             ... on level 4 of the Vaults on May 4, 2020.
             The game lasted 07:54:44 (42396 turns).

Glorfindel the Stormcaller (TeAE)                  Turns: 42396, Time: 07:54:45

Health: -3/114     AC: 18    Str: 15    XL:     19   Next: 14%
Magic:  24/38      EV: 11    Int: 26    God:    Vehumet [******]
Gold:   2913       SH: 11    Dex: 14    Spells: 7/46 levels left

rFire    . . .     SeeInvis .   b - staff of air {!a}
rCold    . . .     Gourm    .   k - +1 kite shield
rNeg     . . .     Faith    .   B - +0 swamp dragon scales
rPois    +         Spirit   .   x - +1 hat {MR+}
rElec    +         Reflect  .   z - +1 cloak
rCorr    .         Harm     .   V - +0 pair of gloves "Egauhuik" {*Drain +Inv Str+3 Int+2}
MR       ++...                  (boots unavailable)
Stlth    ++++......             R - amulet of regeneration
HPRegen  0.69/turn              r - +6 ring of protection {=R}
MPRegen  0.26/turn              w - ring "Jieps" {Wiz Str+3}

@: flying quickly and evasively, quick
A: beak, talons 3, able to fly
}: 1/15 runes: decaying
a: Stop Flying, Renounce Religion, Evoke Invisibility


You were on level 4 of the Vaults.
You worshipped Vehumet.
Vehumet was exalted by your worship.
You were near starving.

You visited 7 branches of the dungeon, and saw 34 of its levels.
You visited the Abyss 1 time.
You also visited: Bailey and Volcano.

You collected 5762 gold pieces.
You spent 2849 gold pieces at shops.

Inventory:

Hand Weapons
 d - a +9 vampiric demon trident
 e - the +9 falchion of Might {pain, MR++}
   (You found it on level 4 of the Swamp)

   In the hands of one skilled in necromantic magic, it inflicts extra damage on
   living creatures.
   It affects your resistance to hostile enchantments.
Missiles
 l - 16 curare-tipped darts (quivered)
Armour
 g - a +3 ring mail of magic resistance
 k - a +1 kite shield (worn)
 x - a +1 hat of magic resistance (worn)
 z - a +1 cloak (worn)
 B - +0 swamp dragon scales (worn)
 J - +0 acid dragon scales
 V - the +0 pair of gloves "Egauhuik" (worn) {*Drain +Inv Str+3 Int+2}
   (You found it in a bailey)

   It affects your strength (+3).
   It affects your intelligence (+2).
   It lets you turn invisible.
   It causes draining when unequipped.
 Z - a +2 robe of magic resistance
Magical Staves
 a - an uncursed staff of energy {!a}
 b - an uncursed staff of air (weapon) {!a}
Jewellery
 c - an uncursed ring of ice
 f - an uncursed ring of protection from fire
 p - an uncursed ring of poison resistance
 r - a +6 ring of protection (left hand) {=R}
 w - the ring "Jieps" (right hand) {Wiz Str+3}
   (You found it on level 3 of the Vaults)

   [ring of wizardry]

   It improves your spell success rate.
   It affects your strength (+3).
 E - the ring of Tinny {*Drain rPois rF+ Str+7}
   (You took it off a boggart on level 15 of the Dungeon)

   [ring of poison resistance]

   It affects your strength (+7).
   It protects you from fire.
   It protects you from poison.
   It causes draining when unequipped.
 R - an amulet of regeneration (around neck)
Wands
 i - a wand of clouds (8)
 m - a wand of polymorph (23)
 t - a wand of digging (5)
 A - a wand of acid (33)
 H - a wand of iceblast (4)
 M - a wand of paralysis (25)
 W - a wand of disintegration (4)
 Y - a wand of enslavement (18)
Scrolls
 h - 7 scrolls of remove curse
 o - 7 scrolls of teleportation
 q - a scroll of fear
 u - 2 scrolls of vulnerability {!r}
 v - 2 scrolls of immolation {!r}
 F - a scroll of brand weapon
 P - a scroll of amnesia
 Q - 2 scrolls of magic mapping
 S - 2 scrolls of holy word
Potions
 j - 3 potions of cancellation {!q}
 n - 2 potions of haste
 s - 6 potions of brilliance
 D - a potion of invisibility
 G - 2 potions of mutation
 I - 8 potions of lignification {!q}
 K - 6 potions of curing
 L - 2 potions of resistance
 U - a potion of berserk rage {!q}
Miscellaneous
 y - a phantom mirror
 O - a phial of floods
 X - a box of beasts
Comestibles
 C - 27 rations
 N - 4 chunks of flesh


   Skills:
 - Level 11.1 Fighting
 - Level 10.0 Polearms
 * Level 4.8 Armour
 - Level 2.1 Dodging
 - Level 9.5 Stealth
 - Level 7.3 Shields
 - Level 14.0 Spellcasting
 - Level 16.0 Conjurations
 - Level 7.0 Translocations
 - Level 19.4 Air Magic
 - Level 12.0 Evocations


You had 7 spell levels left.
You knew the following spells:

 Your Spells              Type           Power        Failure   Level  Hunger
a - Apportation           Tloc           ######       1%          1    None
b - Blink                 Tloc           N/A          1%          2    None
c - Conjure Ball Lightni  Conj/Air       ########..   1%          6    ####...
g - Passage of Golubria   Tloc           N/A          3%          4    None
l - Lightning Bolt        Conj/Air       ########..   1%          5    ##.....
o - Orb of Destruction    Conj           #######...   2%          7    ######.
p - Passwall              Tmut/Erth      ###.....     9%          2    None
q - Mephitic Cloud        Conj/Pois/Air  #######.     1%          3    None
t - Airstrike             Air            ########..   1%          4    None
v - Poisonous Vapours     Pois/Air       ######       1%          2    None
x - Searing Ray           Conj           ######       1%          2    None
y - Magic Dart            Conj           ####         0%          1    None

Your spell library contained the following spells:

 Spells                   Type           Power        Failure   Level  Hunger
 Ignition                 Fire           ###.......   100%        8    #######
 Absolute Zero            Ice            ###.......   100%        9    #######
 Fire Storm               Conj/Fire      ######....   100%        9    #######
 Shock                    Conj/Air       ####         0%          1    None
 Foxfire                  Conj/Fire      ####         1%          1    None
 Sandblast                Erth           ###...       1%          1    None
 Swiftness                Chrm/Air       #######.     1%          2    None
 Conjure Flame            Conj/Fire      ######..     1%          3    None
 Dazzling Flash           Conj/Hex       ######       1%          3    None
 Gell's Gravitas          Tloc           ######....   1%          3    None
 Lesser Beckoning         Tloc           ######....   1%          3    None
 Static Discharge         Conj/Air       ########     1%          3    None
 Stone Arrow              Conj/Erth      ######       1%          3    None
 Teleport Other           Tloc           ######..     1%          3    None
 Fulminant Prism          Conj/Hex       ######....   1%          4    None
 Iskenderun's Mystic Bla  Conj/Tloc      ######..     1%          4    None
 Sticky Flame             Conj/Fire      ######..     1%          4    None
 Fireball                 Conj/Fire      ######....   1%          5    ##.....
 Shroud of Golubria       Chrm/Tloc      #####.       2%          2    None
 Freezing Cloud           Conj/Ice/Air   #######...   2%          6    ####...
 Silence                  Hex/Air        #######...   3%          5    ##.....
 Inner Flame              Hex/Fire       ###.....     5%          3    None
 Animate Skeleton         Necr           N/A          6%          1    None
 Corona                   Hex            ###....      6%          1    None
 Pain                     Necr           ###.         6%          1    None
 Summon Small Mammal      Summ           ###.         6%          1    None
 Ensorcelled Hibernation  Hex/Ice        ###...       9%          2    None
 Confusing Touch          Hex            ###.....     17%         3    None
 Tukima's Dance           Hex            ###.....     17%         3    None
 Vampiric Draining        Necr           ###.......   17%         3    None
 Lee's Rapid Deconstruct  Erth           ###.......   36%         5    ##.....
 Yara's Violent Unravell  Hex/Tmut       ###.......   36%         5    ##.....
 Animate Dead             Necr           N/A          50%         4    None
 Cause Fear               Hex            ###.......   50%         4    None
 Petrify                  Tmut/Erth      ###.....     50%         4    None
 Agony                    Necr           ###.....     82%         5    ##.....
 Borgnjor's Vile Clutch   Necr/Erth      ###.......   82%         5    ##.....
 Metabolic Englaciation   Hex/Ice        ###.......   82%         5    ##.....
 Darkness                 Hex            ###.......   100%        6    ####...
 Shadow Creatures         Summ           N/A          100%        6    ####...
 Ring of Flames           Chrm/Fire      ###.......   100%        7    ######.
 Discord                  Hex            ###.......   100%        8    #######


Dungeon Overview and Level Annotations

Branches:
Dungeon (15/15)            Temple (1/1) D:6            Lair (6/6) D:8
  Swamp (4/4) Lair:4       Spider (2/4) Lair:3        Slime (0/5) Lair:6
    Orc (2/2) D:12            Elf (0/3) Orc:2        Vaults (4/5) D:14
  Crypt (0/3) Vaults:2     Depths (0/5) D:15         Bailey (visited)
Volcano (visited)

Altars:
Ashenzari
Cheibriados
Dithmenos
Elyvilon
Fedhas
Gozag
Hepliaklqana
Kikubaaqudgha
Makhleb
Nemelex Xobeh
Okawaru
Qazlal
Ru
Sif Muna
Trog
Uskayaw
Vehumet
Wu Jian
Xom
Yredelemnul
Zin
The Shining One
Beogh

Shops:
D:7 }   Orc:2 ([(:*   Vaults:4 }

Annotations:
D:3 scrolls - dig
D:13 exclusion: orange crystal statue
D:14 1 runed translucent door -> Zin
Lair:6 MAPPED
Spider:1 exclusion: 3 downstairs
Vaults:3 ring wiz, exclusion: downstairs


Innate Abilities, Weirdness & Mutations

You have a beak for a mouth.
You have claws for feet.
You can fly continuously.


Message History

The orc knight is engulfed in noxious fumes.
The orc knight is engulfed in noxious fumes.
The vault sentinel is engulfed in noxious fumes.
The vault sentinel appears confused.
The vault sentinel is engulfed in noxious fumes.
The vault sentinel appears confused.
The orc knight is engulfed in noxious fumes.
The orc knight appears confused.
The vault sentinel seems to regain its courage.
The orc knight is engulfed in noxious fumes.
You reach down and open the door.
Found 26 sling bullets.
Cornered, the orc warrior turns to fight!
There is an open door here.
A fire dragon comes into view.
The fire dragon roars deafeningly!
You reach down and close the door.
The fire dragon breathes flames at you. The blast of flame hits you!!!
You die...

#....).....^#..........
#.o......°..+.......%..
#...........#########+#
#....p....o.#
#...........#
#...........#
#...........#
######+###### #@#
#..(....D..#
#..........#
#..........+
#.##.##.##.# ## ### ##
#


You could see a fire dragon.

Vanquished Creatures
  Rupert (Spider:1)
  Jorgrun (D:13)
  3 thorn hunters
  2 sphinxes (Vaults:2)
  Donald (Vaults:1)
  Louise (D:14)
  4 vault wardens
  A fire giant (Vaults:2)
  An orc warlord (Orc:2)
  3 ironheart preservers
  4 stone giants (Vaults:2)
  4 entropy weavers
  Azrael (Spider:1)
  A minotaur (shapeshifter) (Vaults:3)
  An ettin (Vaults:4)
  A deep elf death mage (Vaults:2)
  A great orb of eyes (Vaults:4)
  3 fire dragons
  4 yaktaur captains
  4 rakshasas
  5 ogre magi
  An ice dragon (Swamp:4)
  3 vault guards
  19 hydras
  2 ghost crabs
  2 death knights
  Erica (D:8)
  4 centaur warriors
  A catoblepas (Lair:6)
  14 two-headed ogres
  2 shambling mangroves (Swamp:4)
  A deep troll earth mage (Vaults:4)
  A queen ant (D:13)
  A deep troll shaman (Vaults:4)
  16 alligators
  An orc high priest (Orc:2)
  Urug (Orc:1)
  A vampire mage (Vaults:2)
  A deep elf knight (Vaults:2)
  An iron troll (shapeshifter) (Vaults:2)
  A fire crab (shapeshifter) (D:15)
  The ghost of bohran the Charmwright, a novice MfSk of Okawaru (D:7)
  A flayed ghost (Vaults:1)
  2 spriggan druids (Swamp:4)
  11 swamp dragons
  A wizard (Vaults:3)
  3 deep trolls (Vaults:4)
  6 ironbrand convokers
  An obsidian statue (D:13)
  3 unseen horrors
  16 orc knights
  A ball lightning (Swamp:2)
  A necromancer (Vaults:2)
  3 harpies (Vaults:2)
  A tengu skeleton (Vaults:2)
  4 deep elf magi
  11 wolf spiders
  A wolf spider (shapeshifter) (D:15)
  5 orb spiders
  An oklob plant (Lair:2)
  14 ugly things
  A cyclops (shapeshifter) (D:15)
  4 orc sorcerers
  A manticore (D:14)
  A moth of wrath (Spider:1)
  A cyclops (Vaults:1)
  18 elephants
  5 vault sentinels
  A guardian serpent (shapeshifter) (D:15)
  2 black mambas
  2 gargoyles
  An eye of devastation (shapeshifter) (Vaults:2)
  17 spiny frogs
  A yaktaur (shapeshifter) (D:15)
  A rime drake (shapeshifter) (Vaults:2)
  4 rime drakes
  6 komodo dragons
  3 efreet
  15 yaktaurs
  3 trolls
  2 demonic crawlers
  4 red devils (D:15)
  21 jumping spiders
  A tyrant leech (Swamp:1)
  Grinder (D:5)
  37 slime creatures
  A wind drake (shapeshifter) (Vaults:3)
  15 hornets
  4 polar bears (Lair:6)
  14 blink frogs
  6 hippogriffs
  5 bog bodies
  A dream sheep (shapeshifter) (D:15)
  Sigmund (D:2)
  3 vampires (Vaults:2)
  15 spriggans
  4 shadows
  41 yaks
  3 wraiths
  3 wyverns
  A human (D:7)
  34 redbacks
  3 tarantellas (Spider:2)
  Grum (D:9)
  4 hogs (D:7)
  3 basilisks
  6 fire bats (Volcano)
  3 fire elementals (Spider:1)
  2 hungry ghosts
  10 insubstantial wisps (Swamp:2)
  11 swamp worms
  A steam dragon (D:11)
  13 vampire mosquitoes
  19 soldier ants (D:13)
  4 wargs
  17 water moccasins
  2 acid dragons
  7 hell hounds
  A floating eye (shapeshifter) (Vaults:1)
  7 porcupines
  48 orc warriors
  An eye of draining (D:14)
  6 black bears
  2 hornet zombies
  4 ice beasts
  17 ogres
  4 phantoms
  11 swamp drakes
  2 necrophages
  3 sky beasts
  A boggart (shapeshifter) (D:15)
  26 wolves
  An elf zombie (Vaults:2)
  13 boggarts
  A human skeleton (Vaults:2)
  14 centaurs
  16 crocodiles
  2 big kobolds (D:10)
  16 bullfrogs
  4 gnoll sergeants (D:7)
  A glowing shapeshifter simulacrum (Vaults:2)
  14 jellies
  14 killer bees
  6 howler monkeys
  16 wights
  7 electric eels
  6 lava snakes (Volcano)
  A bullfrog zombie (D:8)
  2 centaur zombies
  A human simulacrum (Vaults:2)
  8 crimson imps
  2 quasits (D:7)
  20 orc priests
  A gnoll shaman (D:7)
  6 hounds
  4 centaur skeletons
  A bullfrog skeleton (D:11)
  4 iguanas
  Natasha (D:2)
  28 orc wizards
  18 worker ants
  A hound skeleton (D:8)
  8 gnolls (D:7)
  A worker ant zombie (D:7)
  2 howler monkey skeletons
  9 adders
  A shadow imp (D:6)
  4 oozes
  An adder skeleton (D:6)
  5 worms
  A dart slug (D:5)
  3 leopard geckos
  114 orcs
  7 bats
  5 giant cockroaches
  5 hobgoblins
  21 jackals
  3 quokkas
  A ball python (D:3)
  2 frilled lizards (D:5)
  7 goblins
  18 kobolds
  A leopard gecko skeleton (D:4)
  3 quokka skeletons
  11 rats
  A briar patch (Swamp:1)
  A plant (Lair:5)
1215 creatures vanquished.

Vanquished Creatures (collateral kills)
  A demonic crawler (Spider:2)
  A jumping spider (Spider:1)
  A redback (Spider:1)
3 creatures vanquished.

Vanquished Creatures (others)
  380 ball lightnings
  2 redbacks (Spider:1)
  A small abomination (Abyss:2)
  3 bushes
  40 fungi
  37 plants
  4 starspawn tentacles (Abyss:2)
467 creatures vanquished.

Grand Total: 1685 creatures vanquished

Notes
Turn   | Place    | Note
-------+----------+-------------------------------------------
     0 | D:1      | Glorfindel the Tengu Air Elementalist began the quest for
                  | the Orb.
     0 | D:1      | Reached XP level 1. HP: 10/10 MP: 4/4
   280 | D:1      | Reached XP level 2. HP: 14/15 MP: 3/6
   312 | D:1      | Learned a level 2 spell: Swiftness
   326 | D:1      | //gloves
   894 | D:1      | //[rainb]
  1029 | D:2      | Reached XP level 3. HP: 19/19 MP: 5/7
  1030 | D:2      | //int
  1130 | D:2      | Reached skill level 5 in Air Magic
  1213 | D:2      | //where double-zap works(!)
  1306 | D:2      | Noticed Natasha
  1348 | D:2      | Found a blossoming altar of Fedhas.
  1747 | D:2      | Reached XP level 4. HP: 24/24 MP: 6/8
  1875 | D:2      | //fail to kill adder with 100 shocks
  1886 | D:2      | //finally darts did it
  2075 | D:2      | Learned a level 4 spell: Airstrike
  2123 | D:3      | Reached skill level 6 in Air Magic
  2269 | D:3      | //ouch
  2272 | D:3      | //wow, survived with 2 HP, overconfident bc of +3 air magic
  2618 | D:3      | //[maiend]
  2642 | D:3      | //strawberry
  2680 | D:3      | Found a glowing silver altar of Zin.
  2766 | D:3      | Found a sparkling altar of Nemelex Xobeh.
  2925 | D:4      | Gained mutation: You can fly continuously. [Tengu growth]
  2925 | D:4      | Reached XP level 5. HP: 28/28 MP: 6/9
  3302 | D:3      | //btw, already id ring mag power
  3303 | D:3      | //and the other ring is fire
  3468 | D:3      | //Nem: -> heart
  3516 | D:3      | Reached skill level 7 in Air Magic
  3627 | D:2      | Killed Natasha
  3639 | D:2      | //2 airstr vs nat.
  3704 | D:2      | Noticed Sigmund
  4160 | D:4      | Reached skill level 8 in Air Magic
  4160 | D:4      | Reached XP level 6. HP: 32/32 MP: 8/10
  4161 | D:4      | //Int
  4161 | D:4      | //Zephyrmancer
  4494 | D:5      | Entered Level 5 of the Dungeon
  4541 | D:5      | Noticed an ice beast
  4570 | D:5      | Killed an ice beast
  4570 | D:5      | Reached skill level 9 in Air Magic
  4689 | D:5      | //id pots
  4734 | D:5      | //Airstr still shown red at 4% fail
  4879 | D:5      | //water :-)
  5043 | D:5      | //long bridge...
  5126 | D:5      | Reached XP level 7. HP: 36/36 MP: 11/11
  5143 | D:5      | //cloak, red one
  5192 | D:5      | //id amulet acro
  5206 | D:5      | Noticed Grinder
  5215 | D:5      | Killed Grinder
  5215 | D:5      | Reached skill level 10 in Air Magic
  5329 | D:5      | //airstr 2% fail - yellow
  5610 | D:6      | Reached skill level 11 in Air Magic
  5612 | D:6      | //now it's all about airstrike - on D:6!
  5612 | D:6      | //with felid it was sth like lair
  5725 | D:6      | //... and ring ice
  5726 | D:6      | //1% fail now
  5726 | D:6      | //at 11 skill
  5726 | D:6      | //get some spc and stl
  5726 | D:6      | //... and fight
  5798 | D:6      | Reached skill level 1 in Fighting
  5838 | D:6      | Reached XP level 8. HP: 42/43 MP: 9/12
  5986 | D:6      | //2 amus
  6144 | D:6      | //get more SPC (hunger)
  6144 | D:6      | //[60 - Mm]
  6216 | D:6      | //trident for attack popcorn
  6377 | D:6      | Found a staircase to the Ecumenical Temple.
  6387 | Temple   | Entered the Ecumenical Temple
  6499 | Temple   | //all systems go!
  6499 | Temple   | //Goz, Makh would be interesting as well
  6499 | Temple   | //... besides Veh
  6524 | Temple   | Became a worshipper of Vehumet
  6738 | D:2      | Killed Sigmund
  6748 | D:2      | //went back for XP...
  6972 | D:7      | //gnoll castle
  6972 | D:7      | Found a transporter.
  6973 | D:7      | Found a transporter.
  6975 | D:7      | //no, gnoll transporter room
  6978 | D:7      | //new macro for airstrike 2
  7127 | D:7      | Reached skill level 5 in Stealth
  7414 | D:7      | Reached skill level 5 in Spellcasting
  7414 | D:7      | Reached XP level 9. HP: 50/50 MP: 15/17
  7415 | D:7      | //Int
  7767 | D:7      | Reached * piety under Vehumet
  7767 | D:7      | Offered knowledge of Freeze by Vehumet.
  7769 | D:7      | //ice magic -1, so no freeze I think
  8132 | D:7      | Found Goisk's Gadget Boutique.
  8143 | D:7      | //wand dig in shop
  8292 | D:7      | Identified the +1 robe of Reason {rF+ Dex+4}
  8292 | D:7      | Identified the ring "Kopleym" {Wiz Str-4 Dex+7}
  8311 | D:7      | Identified the cursed +0 spear "Obaf" {vamp, rElec rF+
                  | Dex+3}
  8311 | D:7      | Identified the +0 scale mail "Lainuam" {rN+}
  8552 | D:7      | //already more XP into SPC than air!
  8552 | D:7      | //(8 SPC, 11 AIR)
  8705 | D:7      | //5 rations slaughtery
  8933 | D:7      | Reached skill level 12 in Air Magic
  8933 | D:7      | Reached XP level 10. HP: 56/56 MP: 16/23
  9097 | D:7      | //+6 ring prot
  9097 | D:7      | //would have been nice for my many Fe
  9101 | D:7      | //10/15
  9110 | D:7      | //oh, one amu is faith
  9143 | D:7      | //and stairs up and rest...
  9475 | D:8      | Reached skill level 13 in Air Magic
  9560 | D:8      | //and bees so easy now
  9567 | D:8      | Reached ** piety under Vehumet
  9567 | D:8      | Offered knowledge of Sandblast by Vehumet.
  9750 | D:8      | //other amu is regen - keep faith
  9798 | D:8      | Noticed Erica
  9961 | D:9      | //wand dig 2 from orc
 10043 | D:9      | //ring rF+
 10100 | D:9      | //hat
 10626 | D:9      | Offered knowledge of Searing Ray by Vehumet.
 10627 | D:9      | //Conj is +3 - ok with ray
 10630 | D:9      | Learned a level 2 spell: Searing Ray
 10767 | D:9      | Reached skill level 14 in Air Magic
 10768 | D:9      | Noticed Grum
 10813 | D:9      | Killed Grum
 10989 | D:9      | //staff earth
 11046 | D:9      | //book Clouds
 11050 | D:9      | Learned a level 3 spell: Mephitic Cloud
 11111 | D:10     | Entered Level 10 of the Dungeon
 11118 | D:10     | Reached *** piety under Vehumet
 11200 | D:10     | //broken pillars...
 11445 | D:10     | //[innsb wu]
 11469 | D:10     | Offered knowledge of Frozen Ramparts by Vehumet.
 11609 | D:10     | Killed an unseen horror
 11609 | D:10     | Reached XP level 11. HP: 43/60 MP: 17/25
 11610 | D:10     | //airstriked uns horror
 11657 | D:10     | //[*** levels -> days ***]
 11824 | D:10     | //[bee...]
 11878 | D:10     | //[fc 07]
 11936 | D:10     | //[*** 07 ***]
 12402 | D:10     | //book Hexes
 12402 | D:10     | //oh, Fe hex +4, Te -3
 12441 | D:10     | //next book: Conj
 12447 | D:10     | Learned a level 5 spell: Lightning Bolt
 12447 | D:10     | //elec bolt much more effective vs row of yaks etc
 12447 | D:10     | //[ho bhf]
 12632 | D:11     | Noticed a two-headed ogre
 12639 | D:11     | Killed a two-headed ogre
 12639 | D:11     | Reached skill level 5 in Fighting
 12775 | D:11     | //keep meph in mind!
 12999 | D:11     | Reached **** piety under Vehumet
 13040 | D:11     | Noticed a cyan ugly thing
 13047 | D:11     | Killed a cyan ugly thing
 13208 | D:11     | //staff energy
 13208 | D:11     | //-> evo
 13211 | D:11     | //orc pit - and got marked
 13217 | D:11     | Offered knowledge of Irradiate by Vehumet.
 13241 | D:11     | Reached skill level 10 in Spellcasting
 13249 | D:11     | Reached skill level 1 in Evocations
 13564 | D:11     | //channel *very* nice and could be used by felids!
 13747 | D:11     | //disint
 13825 | D:11     | Killed an unseen horror
 13826 | D:11     | //didn't find lair btw
 13911 | D:10     | //D:8 not finished (invis erica)
 13967 | D:8      | Reached ***** piety under Vehumet
 13996 | D:8      | Found a staircase to the Lair.
 13999 | D:8      | //there we are
 14015 | D:8      | Killed Erica
 14015 | D:8      | Reached skill level 5 in Evocations
 14016 | D:8      | //bat blasted her
 14076 | D:8      | You are sucked into a shaft and drop 3 floors!
 14216 | D:8      | //treasure - spiral river
 14318 | D:7      | //-> gnoll castle
 14342 | D:7      | Noticed bohran's ghost (novice MfSk)
 14361 | D:7      | Offered knowledge of Orb of Destruction by Vehumet.
 14362 | D:7      | //wow, OOD
 14362 | D:7      | //63% fail though
 14405 | D:7      | Learned a level 7 spell: Orb of Destruction
 14475 | D:7      | Killed bohran's ghost
 14475 | D:7      | Reached XP level 12. HP: 68/68 MP: 21/27
 14476 | D:7      | //Int (x2)
 14476 | D:7      | //airstrike now hunger free
 14484 | D:7      | //ring with wiz!
 14489 | D:7      | //wiz now instead of mag power
 14506 | D:7      | //nice robe
 14518 | D:7      | //already pack full messages
 14518 | D:7      | //yes, felid are nice somehow
 14521 | D:7      | //spear with rElec!
 14521 | D:7      | //CBL I'm coming
 14579 | D:7      | //robe MR, even better
 14654 | Lair:1   | Entered Level 1 of the Lair of Beasts
 14957 | Lair:1   | //[mus]
 14964 | Lair:2   | //read-id scrolls, e.g. blink, fear
 14985 | Lair:1   | //nice green robe
 15098 | Lair:1   | //cura
 15098 | Lair:1   | //[-> cn cura ae]
 15131 | Lair:1   | //[*** cur ***]
 15264 | Lair:2   | You are sucked into a shaft and drop 1 floor!
 15299 | Lair:3   | //airstrike *much* stronger now with channeling!
 15383 | Lair:2   | //airstriked oklob :-)
 15679 | Lair:2   | //[tramp ges]
 15700 | Lair:2   | //ring mag power > AC+6?
 15700 | Lair:2   | //looks like atm -> change
 15795 | Lair:2   | Reached skill level 10 in Conjurations
 16489 | Lair:3   | Noticed a seven-headed hydra
 16548 | Lair:3   | Killed a seven-headed hydra
 16548 | Lair:3   | Reached skill level 10 in Evocations
 16604 | Lair:3   | //[*** ju ***]
 16761 | Lair:3   | Offered knowledge of Fireball by Vehumet.
 16761 | Lair:3   | Reached XP level 13. HP: 72/72 MP: 21/28
 16762 | Lair:3   | //fireball - well, at least fire +1 apt
 16773 | Lair:3   | //but not sure
 16775 | Lair:3   | Found a hole to the Spider Nest.
 17104 | Lair:4   | Found a staircase to the Swamp.
 17278 | Lair:4   | //[gaert]
 17511 | Lair:5   | //ring rPois
 17538 | Lair:5   | //plants in the way
 17665 | Lair:5   | //-> delay -1 btw
 17877 | Lair:1   | //already go to stash and drop items
 17877 | Lair:1   | //well, Fe...
 18281 | Lair:5   | //[tat 2c]
 18317 | Lair:6   | Entered Level 6 of the Lair of Beasts
 18320 | Lair:5   | //100 foes down...
 18320 | Lair:5   | //at least 4+ stl
 18489 | Lair:6   | //last stairs down: ok?
 18500 | Lair:6   | //dig SO
 18588 | Lair:6   | //so found map scroll
 18588 | Lair:6   | //forest ending
 18662 | Lair:6   | //hydra dang...
 18662 | Lair:6   | //... overconf
 19339 | Lair:6   | //OOD 2% fail btw
 19383 | Lair:6   | //*** first orb vs croco ***
 19385 | Lair:6   | //[jk]
 19404 | Lair:6   | Offered knowledge of Lee's Rapid Deconstruction by Vehumet.
 19541 | Lair:6   | Reached ****** piety under Vehumet
 19786 | Lair:6   | //[2409 hall]
 19811 | Lair:6   | Reached XP level 14. HP: 78/78 MP: 20/29
 20051 | Lair:6   | Found a staircase to the Slime Pits.
 20242 | Lair:6   | Offered knowledge of Bolt of Magma by Vehumet.
 20243 | Lair:6   | //magma...
 20355 | Lair:6   | //good telep
 20357 | Lair:6   | //problems - take this +6 ring prot
 20357 | Lair:6   | //30 instead 39 MP
 20362 | Lair:6   | //and use 2 enchant arm
 20364 | Lair:6   | //+2 hat -> 14/15
 20662 | Lair:6   | //buckler prot, ok!
 20727 | Lair:6   | Reached skill level 1 in Shields
 20887 | Lair:6   | Got a polished dagger
 21069 | Lair:6   | //no loot?
 21518 | D:12     | //robe res
 21564 | D:12     | //forgot shock
 21742 | D:12     | Found a burning altar of Makhleb.
 21961 | D:12     | Found a staircase to the Orcish Mines.
 22015 | D:12     | //buckler skill 4, ok
 22054 | D:12     | //***
 22592 | D:13     | Noticed Jorgrun
 22597 | D:13     | Killed Jorgrun
 22598 | D:13     | //2 ood
 22666 | D:13     | //acid DS
 22694 | D:13     | //[kolb]
 22755 | D:13     | Noticed Nessos
 22757 | D:13     | Noticed Nessos
 22757 | D:13     | Nessos changed into Nessos the hippogriff
 22759 | D:13     | Killed Nessos the hippogriff
 22802 | D:13     | //[sylv m]
 23132 | D:13     | //try to ood statue - always summons, blow up summons
 23132 | D:13     | //and mesm
 23422 | D:13     | Offered knowledge of Conjure Ball Lightning by Vehumet.
 23424 | D:13     | //and reward for blowing up: CBL
 23431 | D:13     | Learned a level 6 spell: Conjure Ball Lightning
 23431 | D:13     | //1% fail...
 23443 | D:13     | //and other reward: 1 apple
 23488 | D:13     | //better to already cast CBL with spear rElec
 23771 | D:13     | //and the orange statue guards a banana
 23804 | D:13     | Noticed an entropy weaver
 23809 | D:13     | Killed an entropy weaver
 23809 | D:13     | Reached skill level 15 in Air Magic
 23810 | D:13     | //*** Stormcaller ***
 23894 | D:13     | Noticed an entropy weaver
 23898 | D:13     | Killed an entropy weaver
 24086 | D:13     | Reached XP level 15. HP: 84/84 MP: 4/32
 24087 | D:13     | //Int
 24223 | D:13     | //ant level
 24363 | D:13     | //ants: just alarm traps as treasure
 24621 | D:14     | Found a glowing silver altar of Zin.
 24621 | D:14     | Found a runed translucent door.
 24621 | D:14     | Noticed an angel
 24668 | D:14     | Noticed Louise
 24684 | D:14     | Cast into level 2 of the Abyss (Louise)
 24687 | Abyss:2  | //balls elec were not deadly enough
 24735 | Abyss:2  | //abyss:2 :-|
 24774 | Abyss:2  | //Geomancy
 24855 | Abyss:2  | Noticed a tentacled starspawn
 24896 | Abyss:2  | Noticed a tentacled starspawn
 24910 | D:14     | Escaped the Abyss
 24911 | D:14     | //hasted for reaching exit
 24914 | D:14     | //and louise healed up
 24977 | D:14     | Killed Louise
 24978 | D:14     | //finally
 24989 | D:14     | //vamp dTrident not bad either
 25227 | D:14     | Offered knowledge of Starburst by Vehumet.
 25249 | D:14     | Reached skill level 15 in Conjurations
 25559 | D:14     | //mirror
 25623 | D:14     | Found a gate to the Vaults.
 25719 | Orc:1    | Entered Level 1 of the Orcish Mines
 25720 | Orc:1    | //bailey
 25720 | Orc:1    | //no mag map
 25862 | Orc:1    | Noticed Urug
 25875 | Orc:1    | Killed Urug
 25878 | Orc:1    | //problems here vs urug!
 25941 | Orc:1    | Found a flagged portal.
 25950 | Bailey   | Entered a bailey
 26048 | Bailey   | //water r+l - kobolds with booms
 26054 | Bailey   | //[Ka]
 26057 | Bailey   | //'into view' more - off
 26160 | Bailey   | Got a pair of smoking gloves
 26173 | Bailey   | Found an iron altar of Okawaru.
 26190 | Bailey   | //1 box - all?
 26255 | Orc:1    | Identified the +0 pair of gloves "Egauhuik" {*Drain +Inv
                  | Str+3 Int+2} (You found it in a bailey)
 26255 | Orc:1    | //gloves +Inv, wow
 26255 | Orc:1    | //21% fail invis
 26389 | Orc:2    | Entered Level 2 of the Orcish Mines
 26389 | Orc:2    | Found a roughly hewn altar of Beogh.
 26390 | Orc:2    | //volcano
 26436 | Orc:2    | Reached skill level 16 in Air Magic
 26610 | Orc:2    | Found a staircase to the Elven Halls.
 26616 | Orc:2    | Found Kitoc's Weapon Shop.
 26705 | Orc:2    | //hell hounds...
 26736 | Orc:2    | Found a dark tunnel.
 26756 | Orc:2    | //with robe res into volc
 26759 | Volcano  | Entered a volcano
 26870 | Volcano  | //burning floor?
 26874 | Volcano  | //even rF++ not good
 26963 | Volcano  | //and then obs statue at the end
 26981 | Volcano  | //and out
 27208 | Orc:2    | Found a roughly hewn altar of Beogh.
 27223 | Orc:2    | Offered knowledge of Ozocubu's Refrigeration by Vehumet.
 27546 | Orc:2    | Noticed an orc warlord
 27559 | Orc:2    | Killed an orc warlord
 27606 | Orc:2    | //more HP because of CBL -> fight
 27665 | Orc:2    | //[breg 0]
 27735 | Orc:2    | Found a roughly hewn altar of Beogh.
 27752 | Orc:2    | //problems, CBL not good enough?
 27752 | Orc:2    | //-> good telep
 28080 | Orc:2    | Found Iblyirch's Antique Weapon Boutique.
 28098 | Orc:2    | Found Pacilumi's General Store.
 28140 | Orc:2    | Found Esamuffo's Book Boutique.
 28155 | Orc:2    | //robe rElec in shop!
 28171 | Orc:2    | //tLoc is -2, so no cBlink I think
 28180 | Orc:2    | Found Tokkatuwn's Antique Armour Boutique.
 28205 | Orc:2    | Bought the +1 robe "Fosisec" {rElec rN+} for 310 gold
                  | pieces
 28215 | Orc:2    | //nice blue white
 28215 | Orc:2    | Bought a scroll of teleportation for 39 gold pieces
 28215 | Orc:2    | Bought a potion of haste for 130 gold pieces
 28215 | Orc:2    | Bought a scroll of magic mapping for 45 gold pieces
 28245 | Orc:2    | Bought a book of Spatial Translocations for 1105 gold
                  | pieces
 28248 | Orc:2    | Learned a level 2 spell: Blink
 28253 | Orc:2    | Learned a level 4 spell: Passage of Golubria
 28589 | D:15     | Entered Level 15 of the Dungeon
 28626 | D:15     | Reached skill level 1 in Translocations
 29105 | D:15     | //elec bolt still very useful (corridors)
 29557 | D:15     | Offered knowledge of Fire Storm by Vehumet.
 29557 | D:15     | Offered knowledge of Ignition by Vehumet.
 29557 | D:15     | Offered knowledge of Absolute Zero by Vehumet.
 29557 | D:15     | Reached skill level 5 in Translocations
 29560 | D:15     | //no tornado...
 29560 | D:15     | //strange
 29560 | D:15     | //all 3 offered spells at 100% fail
 29998 | D:15     | Identified the ring of Tinny {*Drain rPois rF+ Str+7}
 30132 | D:15     | Reached XP level 16. HP: 78/92 MP: 27/33
 30269 | D:15     | Found a staircase to the Depths.
 30447 | Orc:2    | Bought a book of Cantrips for 340 gold pieces
 30449 | Orc:2    | Learned a level 1 spell: Apportation
 30452 | Orc:2    | //only passage gets 1 -> 3 % failure without ring wiz
 30452 | Orc:2    | //so I could have rF rPois with one ring
 30452 | Orc:2    | //but not sure (*drain)
 30608 | Lair:1   | //removed faith - kept high spells
 30611 | Lair:1   | //piety 6 -> 4
 30689 | Spider:1 | Entered Level 1 of the Spider Nest
 30692 | Spider:1 | //invis entrance
 30698 | Spider:1 | //'into view' more again
 30725 | Spider:1 | Noticed Rupert
 30734 | Spider:1 | Killed Rupert
 30781 | Spider:1 | //very close
 30781 | Spider:1 | //cbl -> foes ofc
 30781 | Spider:1 | //but in the corner was moth of wrath
 30917 | Spider:1 | Learned a level 2 spell: Poisonous Vapours
 30957 | Spider:1 | //don't use swiftness
 30960 | Spider:1 | Learned a level 2 spell: Passwall
 30988 | Spider:1 | //otr not in game
 31186 | Spider:1 | //strangely difficult here
 31238 | Spider:1 | Noticed Azrael
 31244 | Spider:1 | Killed Azrael
 31865 | Spider:2 | //oh, forgot - crawler rElec
 31936 | Spider:2 | Reached skill level 10 in Fighting
 31938 | Spider:1 | //held in net on the stairs - but up
 31975 | Spider:1 | //not used to a caster!
 32141 | Swamp:1  | Entered Level 1 of the Swamp
 32199 | Swamp:1  | //book Dreams
 32215 | Swamp:1  | //3 books!
 32398 | Swamp:1  | Noticed a thorn hunter
 32410 | Swamp:1  | Killed a thorn hunter
 32517 | Swamp:1  | Noticed a thorn hunter
 32522 | Swamp:1  | Killed a thorn hunter
 32532 | Swamp:1  | //100 HP, skill 11 - ok atm
 32640 | Swamp:1  | //flying *really* nice btw
 32953 | Swamp:2  | //swamp DS - maybe later
 32959 | Swamp:2  | //swamp worm - ood - harpooned...
 32964 | Swamp:2  | //1) meph 2) ood
 33094 | Swamp:2  | //6* again btw
 33094 | Swamp:2  | //[n cl]
 33340 | Swamp:2  | Found a basalt altar of Yredelemnul.
 33434 | Swamp:2  | Reached XP level 17. HP: 104/104 MP: 28/34
 34363 | Swamp:4  | Entered Level 4 of the Swamp
 34595 | Swamp:3  | //fighter easier than even a good mage
 34737 | Swamp:4  | //ood often misses alligator
 35159 | Swamp:4  | Reached skill level 17 in Air Magic
 35487 | Swamp:4  | Got a decaying rune of Zot
 35517 | Swamp:4  | Got a brightly glowing falchion
 35756 | Lair:1   | Identified 3 scrolls of acquirement
 35757 | Lair:1   | //3 scrolls acqu (iirc from spriggan druid swamp:4)
 35760 | Lair:1   | //acqu staff air
 35774 | Lair:1   | //-> robe MR
 35789 | Lair:1   | //swamp DS would be ok for most spells
 35799 | Lair:1   | //but robe MR
 35809 | Lair:1   | Identified the Papyrus of Aid (You acquired it on level 1
                  | of the Lair of Beasts)
 35821 | Lair:1   | //+1 hat MR
 35824 | Lair:1   | Identified the +6 dire flail of Watchfulness {flame, MR+
                  | Dex+4 Stlth-} (You acquired it on level 1 of the Lair of
                  | Beasts)
 35824 | Lair:1   | Identified the ring "Baul" {+Blink MR- Str-5 Int+8 Stlth+}
                  | (You acquired it on level 1 of the Lair of Beasts)
 35824 | Lair:1   | Identified Roxanne's Papyrus of Clay (You acquired it on
                  | level 1 of the Lair of Beasts)
 35826 | Lair:1   | //acqu 2.1 k gold
 35843 | Lair:1   | //tornado would be 45% fail / 22% fail with wiz
 35849 | Lair:1   | //+9 vamp dTrident, get at least *some* skill
 35851 | D:8      | //[mus]
 35974 | Vaults:1 | Entered Level 1 of the Vaults
 36087 | Vaults:1 | Reached skill level 1 in Polearms
 36224 | Vaults:1 | //5 CBL!
 36385 | Vaults:1 | Noticed Donald
 36388 | Vaults:1 | Killed Donald
 36540 | Vaults:1 | //scarf cloud imm, mhmm - keep cloak
 36630 | Vaults:1 | Reached skill level 5 in Polearms
 36690 | Vaults:1 | Learned a level 1 spell: Magic Dart
 36690 | Vaults:1 | //check mag dart on balls elec
 36988 | Vaults:1 | Reached skill level 18 in Air Magic
 36992 | Vaults:1 | //more PA for dTrident vamp!
 37132 | Vaults:1 | Reached XP level 18. HP: 70/110 MP: 18/37
 37133 | Vaults:1 | //Int
 37846 | Vaults:2 | //desolat
 37898 | Vaults:2 | //no mag mapping
 38080 | Vaults:1 | //ouch!
 38457 | Vaults:2 | Found a staircase to the Crypt.
 38619 | Vaults:2 | Reached skill level 10 in Polearms
 39245 | Vaults:2 | Reached skill level 19 in Air Magic
 39308 | Vaults:2 | //what about the deso? still there?
 39386 | Vaults:2 | //collapsed entrance, mhmm
 39388 | Vaults:2 | //and scroll mag map nearby
 39681 | Vaults:2 | //***
 39979 | Vaults:3 | Paralysed by a hornet for 3 turns
 40050 | Vaults:3 | //keep rPois for meph
 40118 | Vaults:3 | //yaktaur cap - meph doesn't work
 40118 | Vaults:3 | //and a buckler is not enough
 40125 | Vaults:3 | //telep...
 40475 | Vaults:3 | Reached skill level 5 in Shields
 40839 | Lair:1   | //shield: ood 3% fail atm, quite good
 40899 | Lair:1   | //but ok with wiz
 40909 | Lair:1   | //prepare for some armour as well (swamp?)
 41038 | Lair:3   | //+3 ring mail MR+ from rupert: not too good atm
 41103 | Lair:1   | Identified the +7 dagger of Etuch {venom, MR+ Str+3, id}
                  | (You found it on level 6 of the Lair of Beasts)
 41104 | Lair:1   | Identified the +9 falchion of Might {pain, MR++} (You found
                  | it on level 4 of the Swamp)
 41106 | Lair:1   | //falchion for MR++
 41124 | Lair:1   | //go acid DS atm
 41134 | Lair:1   | //no, keep MR...
 41915 | Vaults:3 | Got a faintly glowing amber ring
 41917 | Vaults:3 | Identified the ring "Jieps" {Wiz Str+3} (You found it on
                  | level 3 of the Vaults)
 41918 | Vaults:3 | //kind of better wiz
 42010 | Vaults:4 | Found Liacsei's Gadget Shop.
 42018 | Vaults:4 | Bought a phial of floods for 880 gold pieces
 42040 | Vaults:4 | Reached XP level 19. HP: 62/114 MP: 29/38
 42140 | Vaults:3 | //swamp DS now
 42162 | Vaults:4 | Reached skill level 1 in Armour
 42396 | Vaults:4 | Killed from afar by a fire dragon

Levels and vault maps discovered:
D:1:      dpeg_arrival_tiny_c, layout_loops_ring, minmay_pentomino_u4
D:2:      layout_basic, fedhas_altar_3, uniq_natasha, uniq_sigmund
D:3:      layout_basic, zin_scriptorium, nemelex_lonely_heart_becter
D:4:      layout_basic, first_ration
D:5:      wander_river, layout_basic, uniq_grinder
D:6:      layout_basic, temple_pool_b
D:7:      layout_loops_ring, serial_shops, nicolae_shop_behind_doors,
          gammafunk_ghost_gnarly_gnolls, grunt_livestock,
          kennysheep_windowed_goal
D:8:      layout_rooms, lair_entry_dummy, water_maze_lemuel, uniq_erica
D:9:      layout_basic, uniq_grum
D:10:     layout_stronghold, serial_column_ruins, column_ruins_open_tiny,
          column_ruins_open_tiny, column_ruins_corridor_straight,
          column_ruins_grid_1
D:11:     layout_long_grid, special_room [special_room_orc]
D:12:     layout_basic, erik_orc_1, makhleb_altar_promises_db
D:13:     minmay_separated_statues, layout_irregular_city, zaba_antful_of_joy,
          uniq_jorgrun, uniq_nessos
D:14:     layout_roguey, david_vaults_5, chequers_garden, lemuel_angel_altar,
          uniq_louise
D:15:     gammafunk_enter_depths_forms, layout_loops_ring,
          minmay_misc_feat_roman, einodemon_armed_red_devil_minivault
Temple:   roderic_octagonal_lattice_temple
Lair:1:   layout_regular_city, minivault_24, chequers_serial_rivers_small_a,
          grunt_forest_stairs_basic
Lair:2:   layout_roguey, grunt_megastairs_3
Lair:3:   layout_small_grid, spider_nest_entry_funnel_web, serial_bayou_shore_b
Lair:4:   layout_long_grid, swamp_mist_pool, serial_bayou,
          serial_bayou_lagoon_a, serial_bayou_pond_b, serial_bayou_lake_a,
          serial_bayou_pond_b, serial_bayou_ford_a
Lair:5:   layout_cave_pods, grunt_megastairs_5
Lair:6:   minmay_lair_end_enchanted_forest, layout_loops_ring,
          minmay_slime_entry_jelly_boxes
Swamp:1:  layout_basic_swamp, hangedman_swamp_pad
Swamp:2:  layout_basic_swamp, basic_altar
Swamp:3:  layout_falls_marsh, evilmike_swamp_ruin_house_6
Swamp:4:  swamp_alternative, layout_basic_swamp, swamp_pool2,
          infiniplex_staircase_pool_2
Spider:1: layout_spider_delve, uniq_rupert, uniq_azrael
Spider:2: spider_temple_joshua
Orc:1:    layout_caves, enter_bailey_2, uniq_urug
Orc:2:    grunt_orc_cross, layout_diamond_mine, serial_shops, shop_coins,
          enter_volcano_3, basic_altar, mines2_david
Vaults:1: hangedman_vaults_hat, nicolae_vaults_bisected_slash,
          ontoclasm_vaults_tryst, hangedman_vaults_slice, kb_rosetta,
          nicolae_vaults_network_barrier, vaults_standard_mumra_x,
          ontoclasm_vaults_gateway, nicolae_vaults_theta,
          layout_vaults_maze_bifur, uniq_donald
Vaults:2: vaults_dpeg_cross, ontoclasm_vaults_ring_large,
          hangedman_vaults_snaps, v_alt_pattern_4, v_misc_27,
          minmay_crypt_entry_vampire_xt, ontoclasm_vaults_gallery,
          nicolae_vaults_alarming, hangedman_vaults_restitches,
          ontoclasm_vaults_spin, vaults_room_door_ring, vaults_dpeg_hooks,
          dpeg_vaults_monster_box, layout_vaults_omnicross,
          portal_desolation_entry_garden
Vaults:3: nicolae_vaults_network_square, ontoclasm_vaults_ring_large,
          ontoclasm_vaults_misaligned, v_misc_17, v_alt_pattern_1,
          layout_vaults_omnigrid
Vaults:4: nicolae_vaults_little_squares_2, vaults_room_guarded_vault, v_misc_4,
          ontoclasm_vaults_shuriken, v_misc_19, vaults_mumra_minichess,
          hangedman_vaults_stretched_pinwheel, nicolae_vaults_asterisk,
          grunt_vaults_hallway_short, nicolae_vaults_little_squares_4,
          vaults_mumra_hex, layout_vaults_big_room, serial_shops,
          nicolae_shop_stone

Skill      XL: |  1  2  3  4  5  6  7  8  9 10 11 12 13 14 15 16 17 18 19 |
---------------+----------------------------------------------------------+-----
Stealth        | 3 5 6 8 9 |  9.5
Air Magic      | 5 6 8 9 11 12 14 15 16 18 19 | 19.4
Fighting       | 1 3 5 6 7 11 | 11.1
Spellcasting   | 5 8 9 10 12 14 | 14.0
Conjurations   | 6 8 10 14 16 | 16.0
Evocations     | 6 10 12 | 12.0
Shields        | 4 7 |  7.3
Translocations | 5 7 |  7.0
Polearms       | 6 10 | 10.0
Armour         | 4 |  4.8
Dodging        | |  2.1

Action                   |  1- 3 |  4- 6 |  7- 9 | 10-12 | 13-15 | 16-18 | 19-21 || total
-------------------------+-------+-------+-------+-------+-------+-------+-------++-------
Melee: Unarmed           |     2 |     1 |       |       |       |       |       ||     3
       Trident           |       |       |     4 |       |       |       |       ||     4
       Staff             |       |       |       |       |     1 |       |       ||     1
       Demon trident     |       |       |       |       |       |    12 |     3 ||    15
       Kick              |       |       |       |       |       |     4 |       ||     4
Throw: Dart              |       |    19 |       |       |     1 |       |       ||    20
       Boomerang         |       |       |     1 |       |       |       |       ||     1
 Cast: Shock             |    59 |    83 |     1 |       |       |       |       ||   143
       Swiftness         |       |     1 |     1 |       |       |       |       ||     2
       Airstrike         |       |    12 |   106 |   343 |   490 |   302 |     6 ||  1259
       Searing Ray       |       |       |       |    26 |     6 |       |       ||    32
       Mephitic Cloud    |       |       |       |    21 |    20 |    51 |     1 ||    93
       Lightning Bolt    |       |       |       |    28 |    66 |    27 |       ||   121
       Orb of Destructio |       |       |       |       |   109 |   169 |     6 ||   284
       Conjure Ball Ligh |       |       |       |       |    61 |    75 |     7 ||   143
       Poisonous Vapours |       |       |       |       |       |    10 |       ||    10
       Blink             |       |       |       |       |       |    15 |       ||    15
       Apportation       |       |       |       |       |       |    15 |       ||    15
       Passage of Golubr |       |       |       |       |       |     8 |     1 ||     9
       Passwall          |       |       |       |       |       |     3 |       ||     3
 Abil: Fly               |       |     1 |       |       |       |       |       ||     1
       Evoke Invisibilit |       |       |       |       |     1 |     7 |     1 ||     9
Evoke: Wand              |       |       |     7 |     6 |     9 |    17 |     1 ||    40
       Staff of energy   |       |       |       |   227 |   889 |   719 |     6 ||  1841
       Box of beasts     |       |       |       |       |       |     1 |       ||     1
  Use: Potion            |       |     2 |       |     1 |     7 |     8 |     1 ||    19
       Scroll            |       |     3 |     2 |    10 |    26 |    32 |     1 ||    74
 Stab: Confused          |       |       |       |       |       |     3 |       ||     3
  Eat: Chunk             |     3 |     7 |    18 |    43 |    54 |    40 |     3 ||   168
       Ration            |       |     2 |     3 |     2 |    13 |    13 |       ||    33
Armor: Robe              |     9 |    11 |     2 |    10 |    27 |    80 |       ||   139
       Swamp dragon scal |       |       |       |       |       |       |     4 ||     4
Dodge: Dodged            |    20 |    51 |    18 |    48 |    66 |   149 |    10 ||   362
Block: Buckler           |       |       |       |       |    28 |    31 |       ||    59
       Kite shield       |       |       |       |       |       |     2 |    10 ||    12

Table legend:
 A = Non-vault XP
 B = Vault XP
 C = Vault XP percentage of total XP
 D = Non-vault monster count
 E = Vault monster count
 F = Vault count percentage of total count
                 A         B        C        D         E       F
            +---------+---------+-------+---------+---------+-------
      Total |  220143 |  108567 |  33.0 |     846 |     370 |  30.4
            +---------+---------+-------+---------+---------+-------
        D:1 |      28 |       2 |   6.7 |      18 |       2 |  10.0
        D:2 |      79 |     277 |  77.8 |      23 |       2 |   8.0
        D:3 |      71 |       0 |   0.0 |      11 |       0 |   0.0
        D:4 |     154 |       0 |   0.0 |      14 |       0 |   0.0
        D:5 |     257 |     281 |  52.2 |       9 |       1 |  10.0
        D:6 |     637 |       0 |   0.0 |      15 |       0 |   0.0
        D:7 |    1983 |    2233 |  53.0 |      35 |      20 |  36.4
        D:8 |    1571 |     950 |  37.7 |      25 |       1 |   3.8
        D:9 |    1856 |     544 |  22.7 |      25 |       4 |  13.8
       D:10 |    3471 |       0 |   0.0 |      34 |       0 |   0.0
       D:11 |    3823 |     745 |  16.3 |      21 |      24 |  53.3
       D:12 |     795 |     577 |  42.1 |      12 |      17 |  58.6
       D:13 |    8375 |   10763 |  56.2 |      37 |      39 |  51.3
       D:14 |    4000 |    2734 |  40.6 |      12 |       2 |  14.3
       D:15 |   13745 |    5661 |  29.2 |      37 |      17 |  31.5
     Lair:1 |    1256 |       0 |   0.0 |       7 |       0 |   0.0
     Lair:2 |    5540 |    1681 |  23.3 |      21 |       7 |  25.0
     Lair:3 |    4145 |    1372 |  24.9 |      16 |       4 |  20.0
     Lair:4 |    4704 |     428 |   8.3 |      29 |       3 |   9.4
     Lair:5 |    1374 |     498 |  26.6 |       4 |       3 |  42.9
     Lair:6 |   19695 |    8601 |  30.4 |      61 |      61 |  50.0
    Swamp:1 |   11588 |       0 |   0.0 |      18 |       0 |   0.0
    Swamp:2 |   16053 |       0 |   0.0 |      48 |       0 |   0.0
    Swamp:3 |    8299 |       0 |   0.0 |      18 |       0 |   0.0
    Swamp:4 |   13198 |   18252 |  58.0 |      27 |      27 |  50.0
   Spider:1 |   13825 |    5434 |  28.2 |      52 |      10 |  16.1
   Spider:2 |    7991 |       0 |   0.0 |      24 |       0 |   0.0
      Orc:1 |     620 |     851 |  57.9 |      20 |       1 |   4.8
      Orc:2 |    3256 |    8710 |  72.8 |      38 |      47 |  55.3
   Vaults:1 |   14533 |   10157 |  41.1 |      33 |      15 |  31.2
   Vaults:2 |   21580 |   21463 |  49.9 |      36 |      29 |  44.6
   Vaults:3 |   18748 |     870 |   4.4 |      40 |       2 |   4.8
   Vaults:4 |   12893 |    3590 |  21.8 |      26 |       4 |  13.3
     Bailey |       0 |     431 | 100.0 |       0 |      16 | 100.0
    Volcano |       0 |    1462 | 100.0 |       0 |      12 | 100.0
            +---------+---------+-------+---------+---------+-------
